 Dungeon Crawl Stone Soup version 0.20.0-10-g0535bb4 (webtiles) character file.

81 MTVSty1e the Chopper (level 4, -2/28 HPs)
             Began as a Gargoyle Fighter on June 6, 2017.
             Blown up by Ijyb (8 damage)
             ... with a wand of disintegration (?/24)
             ... on level 3 of the Dungeon.
             The game lasted 00:02:02 (1800 turns).

MTVSty1e the Chopper (Gargoyle Fighter)             Turns: 1800, Time: 00:02:03

Health: -2/28      AC: 10    Str: 26    XL:     4   Next: 40%
Magic:  4/4        EV:  7    Int: 12    God:
Gold:   62         SH:  9    Dex:  9    Spells: 3/3 levels left

rFire    . . .     SeeInvis +   a - +0 war axe
rCold    . . .     Gourm    .   c - +0 shield
rNeg     + . .     Faith    .   b - +0 scale mail
rPois    ∞         Spirit   .   (no helmet)
rElec    +         Reflect  .   (no cloak)
rCorr    .         Harm     .   (no gloves)
MR       .....                  (no boots)
Stlth    ..........             (no amulet)
Regen    0.1/turn               h - +4 ring of intelligence
MPRegen  0.1/turn               l - ring of see invisible

@: mighty
A: negative energy resistance 1, electricity resistance, unbreathing,
petrification resistance, rot immunity, AC +3
a: no special abilities


You were on level 3 of the Dungeon.
You were not hungry.

You visited 1 branch of the dungeon, and saw 3 of its levels.

You collected 62 gold pieces.

Inventory:

Hand Weapons
 a - a +0 war axe (weapon)
Armour
 b - a +0 scale mail (worn)
 c - a +0 shield (worn)
Jewellery
 h - a +4 ring of intelligence (left hand)
 l - a ring of see invisible (right hand)
Scrolls
 e - a scroll of identify {unknown}
 i - a scroll of teleportation {unknown}
Potions
 g - a potion of invisibility {unknown}
 k - a potion of degeneration {unknown}
 m - a potion of magic {unknown}
 o - 2 potions of curing {unknown}
Comestibles
 f - 2 bread rations
 j - 2 meat rations
 n - 2 royal jellies


   Skills:
 - Level 3.2 Fighting
 + Level 4.1 Axes
 - Level 3.2 Armour
 - Level 3.2 Shields


You had 3 spell levels left.
You didn't know any spells.

Dungeon Overview and Level Annotations

Branches:
Dungeon (3/15)

Altars:

Annotations:
D:3 Ijyb


Innate Abilities, Weirdness & Mutations

You are resistant to torment.
Your stone body is resilient. (AC +3)
You are immune to poison.
You resist negative energy. (rN+)
You are resistant to electric shocks. (rElec)
You can survive without breathing.
You are immune to petrification.
You are immune to rotting.


Message History

Ijyb zaps a wand.
You are blasted!
Ouch! That really hurt!
* * * LOW HITPOINT WARNING * * *
You slash Ijyb!
Ijyb is severely wounded.
Ijyb hits you but does no damage.
Your shield and scale mail prevent you from hitting Ijyb.
Ijyb is severely wounded.
Ijyb zaps a wand.
You are blasted!
* * * LOW HITPOINT WARNING * * *
Ijyb barely misses you.
You feel very mighty all of a sudden. Ijyb hits you but does no damage.
You hit Ijyb.
Ijyb is almost dead.
You block Ijyb's attack.
You closely miss Ijyb.
Ijyb is almost dead.
Ijyb zaps a wand.
You are blasted!
You die...

#.######
#####.#####
#.........#
#.###.###.#
...# #.#
##### #.#
#.#
#.#######.#
#....g@.<.#
###########


You could see Ijyb.

Vanquished Creatures
  2 adders (D:2)
  3 worms (D:2)
  3 dart slugs (D:1)
  2 leopard geckos
  5 giant cockroaches
  3 goblins
  5 hobgoblins
  3 kobolds
  A ball python (D:3)
  13 bats
  5 frilled lizards
  4 rats
49 creatures vanquished.

Notes
Turn   | Place    | Note
-------+----------+-------------------------------------------
     0 | D:1      | MTVSty1e the Gargoyle Fighter began the quest for the Orb.
     0 | D:1      | Reached XP level 1. HP: 14/14 MP: 1/1
    30 | D:1      | Reached skill level 2 in Axes
   316 | D:1      | Reached XP level 2. HP: 16/19 MP: 2/2
   546 | D:1      | Reached skill level 3 in Axes
   551 | D:1      | Reached XP level 3. HP: 22/23 MP: 3/3
  1181 | D:2      | Reached XP level 4. HP: 26/28 MP: 4/4
  1364 | D:2      | Reached skill level 4 in Axes
  1788 | D:3      | Noticed Ijyb
  1800 | D:3      | Blown up by Ijyb

Skill      XL: |  1  2  3  4 |
---------------+-------------+-----
Axes           | 2 3 4 |  4.1
Fighting       | |  3.2
Armour         | |  3.2
Shields        | |  3.2

Action                   |  1- 3 |  4- 6 || total
-------------------------+-------+-------++-------
Melee: War axe           |   131 |    91 ||   222
  Use: Potion            |       |     1 ||     1
  Eat: Meat ration       |     1 |       ||     1
Armor: Scale mail        |    90 |    59 ||   149
Dodge: Dodged            |    52 |    44 ||    96
Block: Shield            |    84 |    57 ||   141
